 Dungeon Crawl Stone Soup version 0.29-a0-977-g7483850d73 (webtiles) character file.

Game seed: 9331925850735328803

80806 Asher535 the Earth Mage (level 15, 0/118 HPs)
             Began as a Grey Draconian Conjurer on July 31, 2022.
             Was the Champion of the Shining One.
             Succumbed to a black mamba's poison
             ... on level 1 of the Snake Pit on Aug 1, 2022.
             The game lasted 02:23:35 (41786 turns).

Asher535 the Earth Mage (Grey Draconian Conjurer)  Turns: 41786, Time: 02:23:35

Health: 0/118      AC: 28    Str: 16    XL:     15   Next: 24%
Magic:  5/40       EV: 10    Int: 26    God:    the Shining One [******]
Gold:   1554       SH: 10    Dex:  9    Spells: 25/39 levels left

rFire   . . .      SeeInvis .   s - staff of earth
rCold   . . .      Faith    +   n - +2 kite shield
rNeg    + + +      Spirit   .   (body armour unavailable)
rPois   .          Reflect  .   (helmet restricted)
rElec   .          Harm     .   U - +2 cloak
rCorr   .          Rampage  .   O - +5 pair of gloves of Defence {MP+9}
Will    +....                   Z - +0 pair of boots
Stlth   +.........              g - amulet of faith
HPRegen 0.29/turn               h - +6 ring of strength
MPRegen 0.27/turn               D - +4 ring of protection

@: lethally poisoned (0 -> -3), glowing
A: AC +14, amphibious, unfitting armour, cold-blooded
a: Renounce Religion, Divine Shield, Cleansing Flame, Summon Divine Warrior,
Brand Weapon With Holy Wrath


You were on level 1 of the Snake Pit.
You worshipped the Shining One.
The Shining One was exalted by your worship.
You visited 5 branches of the dungeon, and saw 22 of its levels.

You collected 1861 gold pieces.
You spent 307 gold pieces at shops.

Inventory:

Hand Weapons
 v - a +0 war axe of flaming
 H - a +3 falchion
 T - a +5 scimitar
Missiles
 a - 5 atropa-tipped darts
 e - 57 poisoned darts
 Q - 4 datura-tipped darts
Armour
 d - a +1 buckler of protection
 n - a +2 kite shield (worn)
 y - a scarf of harm
 O - the +5 pair of gloves of Defence (worn) {MP+9}
   (You found it on level 8 of the Dungeon)

   MP:        It affects your magic capacity (+9).
 P - a +0 buckler
 U - a +2 cloak (worn)
 Z - a +0 pair of boots (worn)
Magical Staves
 b - a staff of conjuration
 s - a staff of earth (weapon)
Jewellery
 g - an amulet of faith (around neck)
 h - a +6 ring of strength (left hand)
 i - a ring of fire
 t - an amulet of guardian spirit
 D - a +4 ring of protection (right hand)
 K - a ring of willpower
 M - a ring of protection from fire
 R - a ring of ice
Wands
 E - a wand of roots (3)
 G - a wand of charming (10)
 L - a wand of quicksilver (25)
 N - a wand of digging (17)
Scrolls
 j - 3 scrolls of blinking
 k - a scroll of brand weapon {unknown}
 m - 3 scrolls of fear
 q - 2 scrolls of vulnerability {unknown}
 x - a scroll of torment {unknown}
 z - 13 scrolls of teleportation
 B - a scroll of silence
 C - 2 scrolls of magic mapping
 S - 4 scrolls of enchant weapon
 W - 2 scrolls of fog
 X - a scroll of acquirement {unknown}
 Y - 2 scrolls of summoning {unknown}
Potions
 c - a potion of brilliance
 f - 4 potions of curing
 l - a potion of heal wounds
 o - 3 potions of might
 r - 2 potions of ambrosia
 u - 2 potions of resistance {unknown}
 w - 4 potions of cancellation
 A - 2 potions of invisibility
 F - a potion of haste
 J - a potion of magic
 V - a potion of flight {unknown}
Miscellaneous
 p - a piece from Xom's chessboard (15/15)


   Skills:
 - Level 7.0 Fighting
 - Level 7.0 Long Blades
 + Level 10.5 Staves
 - Level 3.2 Dodging
 - Level 2.0 Stealth
 - Level 5.0 Shields
 + Level 12.9 Spellcasting
 + Level 14.1 Conjurations
 + Level 15.1 Earth Magic


You had 25 spell levels left.
You knew the following spells:

 Your Spells              Type           Power      Damage    Failure   Level
a - Magic Dart            Conj           100%       1d8       1%          1
b - Searing Ray           Conj           100%       2d8       1%          2
c - Stone Arrow           Conj/Erth      100%       3d13      1%          3
d - Lehudib's Crystal Sp  Conj/Erth      48%        10d11     83%         8

Your spell library contained the following spells:

 Spells                   Type           Power      Damage    Failure   Level
 Dazzling Flash           Conj/Hex       100%       N/A       1%          3
 Mephitic Cloud           Conj/Pois/Air  41%        N/A       4%          3
 Fulminant Prism          Conj/Hex       26%        3d14      4%          4
 Hailstorm                Conj/Ice       52%        3d12      4%          4
 Iskenderun's Mystic Bla  Conj/Tloc      52%        2d11      4%          4
 Freeze                   Ice            64%        1d8       10%         1
 Blink                    Tloc           32%        N/A       14%         2
 Call Imp                 Summ           16%        N/A       14%         2
 Poisonous Vapours        Pois/Air       32%        N/A       14%         2
 Frozen Ramparts          Ice            32%        1d5       28%         3
 Portal Projectile        Hex/Tloc       32%        N/A       28%         3
 Tukima's Dance           Hex            16%        N/A       28%         3
 Cause Fear               Hex            8%         N/A       67%         4
 Corpse Rot               Necr/Pois/Air  16%        N/A       67%         4
 Blade Hands              Tmut           8%         N/A       95%         5
 Manifold Assault         Tloc           16%        N/A       95%         5
 Dragon Form              Tmut           8%         N/A       100%        7
 Storm Form               Tmut/Air       8%         N/A       100%        7
 Dragon's Call            Summ           8%         N/A       100%        9
 Animate Armour           Summ/Erth      Unusable   N/A       N/A         4

Dungeon Overview and Level Annotations

Branches:
Dungeon (13/15)            Temple (1/1) D:6            Lair (5/5) D:10
 Shoals (0/4) Lair:2        Snake (1/4) Lair:3        Slime (0/5) Lair:4
    Orc (2/2) D:10            Elf (0/3) Orc:2
 Vaults: D:13-14

Altars:
Ashenzari
Cheibriados
Dithmenos
Elyvilon
Fedhas
Gozag
Hepliaklqana
Kikubaaqudgha
Makhleb
Nemelex Xobeh
Okawaru
Qazlal
Ru
Sif Muna
Trog
Uskayaw
Vehumet
Wu Jian
Xom
Yredelemnul
Zin
The Shining One
Jiyva

Shops:
D:6 *   D:7 *   Orc:1 [   Orc:2 ?*[([

Portals:
Trove: D:13 (give +6 demon blade)

Annotations:
D:6 Prince Ribbit
D:8 exclusion: ice statue
Lair:1 exclusion: oklob plant
Orc:2 2 transporters, capka3m's ghost, adept MeEE


Innate Abilities, Weirdness & Mutations

Your dull iron-grey scales are very hard. (AC +14)
You are amphibious.
You cannot fit into any form of body armour.
You are cold-blooded and may be slowed by cold attacks.


Message History

A naga comes into view. It is wielding a +0 scimitar.
The naga shouts!
A black mamba comes into view.
The black mamba hisses angrily.
Found a spear.
The black mamba closely misses you. The naga spits poison at you.
The splash of poison hits you but does no damage.
You are poisoned.
You block the black mamba's attack.
You feel sick.
You feel sick. The black mamba barely misses you.
You feel sick. The black mamba bites you.
* * * LOW HITPOINT WARNING * * *
You are lethally poisoned!
The black mamba poisons you!
* * * LOW HITPOINT WARNING * * *
You feel very sick. The black mamba bites you.
* * * LOW HITPOINT WARNING * * *
Aiming: Stone Arrow (safe; 1% risk of failure)
Press: ? - help, Q - select action, (/) - cycle Shift-Dir - straight line, f - black mamba
Aim: a black mamba (haloed, 73% to hit)
You feel a surge of power!
The stone arrow misses the black mamba.
* * * LOW HITPOINT WARNING * * *
You feel very sick. You block the black mamba's attack.
The black mamba closely misses you.
Aiming: Stone Arrow (safe; 1% risk of failure)
Press: ? - help, Q - select action, (/) - cycle Shift-Dir - straight line, f/p - black mamba
Aim: a black mamba (haloed, 73% to hit)
You feel a surge of power!
The stone arrow misses the black mamba.
* * * LOW HITPOINT WARNING * * *
You feel very sick.
The black mamba bites you but does no damage.
* * * LOW HITPOINT WARNING * * *
You feel sick. You block the black mamba's attack.
* * * LOW HITPOINT WARNING * * *
You feel sick. The black mamba closely misses you.
* * * LOW HITPOINT WARNING * * *
You feel sick. The black mamba barely misses you.
You die...

###..N.## #####.....
##....####.....#.....?...
#...####................. ##..##
##........####..#.. ##.###
#......... ##..##.
##.#######.........###..###)
##..###...................#.#
###..###.....)....###......)...
#...###....NS.@.# ..>.........
###.....#..#####...........).....
#..........# ......##........##
..........## ##......##.......##
............. ##.....###........
#.............# ......####.....#
##.............# ####... #.....#
##...........^. ####.......#
##............ .....####


You could see a black mamba and a naga.

Vanquished Creatures
  Saint Roka (Orc:2)
  Nessos (D:13)
  Erolcha (Orc:1)
  7 hydras
  3 boulder beetles
  An anaconda (Snake:1)
  3 centaur warriors (D:13)
  A naga warrior (Snake:1)
  2 catoblepae (Lair:5)
  2 two-headed ogres
  4 death yaks
  A deep troll shaman (Lair:5)
  2 orc high priests (Orc:2)
  2 naga sharpshooters (Snake:1)
  3 spectral anacondas (Snake:1)
  2 anaconda zombies (Snake:1)
  2 lindwurms
  3 anaconda skeletons (Snake:1)
  4 orc knights (Orc:1)
  3 manticores
  5 cyclopes
  2 oklob plants
  3 orc sorcerers
  An ugly thing (D:13)
  A deep elf pyromancer (D:13)
  A salamander (Snake:1)
  13 black mambas
  2 torpor snails (Lair:2)
  12 elephants
  A naga mage (Snake:1)
  Maurice (D:9)
  A gargoyle (D:11)
  5 rime drakes
  9 cane toads
  An unseen horror (D:12)
  A demonic crawler (D:12)
  3 kobold demonologists (D:10)
  Psyche (D:9)
  8 komodo dragons
  6 anaconda simulacra (Snake:1)
  A polar bear (Lair:5)
  5 trolls
  A wind drake (Lair:2)
  22 blink frogs
  13 dream sheep
  3 shadows
  A vampire (D:9)
  2 wyverns
  46 yaks
  2 wraiths (D:13)
  2 basilisks (Lair:2)
  2 steam dragons
  3 vampire mosquitoes (D:10)
  3 swamp worms (D:12)
  3 wargs
  An acid dragon (D:11)
  5 nagas
  Duvessa (D:7)
  30 orc warriors
  15 water moccasins
  A swamp drake (D:10)
  An ice beast (D:6)
  2 black bears
  7 ogres
  10 centaurs
  22 wolves
  4 kobold brigands
  15 bullfrogs
  2 scorpions
  2 gnoll sergeants (D:6)
  13 wights
  Dowan (D:7)
  4 killer bees (D:9)
  3 howler monkeys
  3 electric eels
  12 orc priests
  3 hounds
  3 iguanas
  30 orc wizards
  Robin (D:3)
  6 adders
  8 gnolls (D:6)
  A shadow imp (D:7)
  A white imp (D:5)
  An ufetubus (D:5)
  A worm (D:4)
  3 dart slugs
  101 orcs
  8 ball pythons
  7 bats
  10 endoplasms
  2 giant cockroaches
  13 goblins
  9 hobgoblins
  4 jackals (D:3)
  3 quokkas
  4 frilled lizards
  23 kobolds
  2 rats
  A bush (Lair:5)
  A butterfly (Lair:2)
634 creatures vanquished.

Vanquished Creatures (others)
  51 fungi
  72 plants
123 creatures vanquished.

Grand Total: 757 creatures vanquished

Notes
Turn   | Place    | Note
-------+----------+-------------------------------------------
     0 | D:1      | Asher535 the Draconian Conjurer began the quest for the
                  | Orb.
     0 | D:1      | Reached XP level 1. HP: 14/14 MP: 3/3
   219 | D:1      | Reached XP level 2. HP: 13/20 MP: 1/5
   781 | D:1      | Found a faded altar of an unknown god.
   794 | D:1      | Prayed at the altar of an unknown god.
   794 | D:1      | Became a worshipper of the Shining One
   794 | D:1      | Reached * piety under the Shining One
  1847 | D:2      | Reached XP level 3. HP: 27/27 MP: 4/6
  2328 | D:3      | Noticed Robin
  2383 | D:2      | Learned a level 2 spell: Searing Ray
  2424 | D:3      | Reached skill level 1 in Fighting
  2587 | D:3      | Reached ** piety under the Shining One
  2711 | D:3      | Reached XP level 4. HP: 35/35 MP: 4/8
  3211 | D:3      | Killed Robin
  3212 | D:3      | Reached skill level 1 in Shields
  3860 | D:3      | Found a glowing golden altar of the Shining One.
  3869 | D:3      | Found an opulent altar of Gozag.
  3875 | D:3      | Found a burning altar of Makhleb.
  3985 | D:3      | Found a broken altar of Ashenzari.
  4124 | D:4      | Reached XP level 5. HP: 41/41 MP: 3/9
  4557 | D:4      | Reached XP level 6. HP: 48/48 MP: 6/11
  5143 | D:4      | Reached skill level 5 in Conjurations
  5868 | D:5      | Entered Level 5 of the Dungeon
  5975 | D:5      | Your scales start taking on a dull iron-grey colour.
  5975 | D:5      | Reached XP level 7. HP: 44/56 MP: 8/13
  6511 | D:5      | Identified the +0 whip "Riaxzos" {flame, Will+ Str+3 Dex-3
                  | SInv}
  7437 | D:6      | Found a staircase to the Ecumenical Temple.
  7563 | D:6      | Reached skill level 5 in Spellcasting
  7563 | D:6      | Reached XP level 8. HP: 66/66 MP: 8/15
  7977 | D:6      | Identified the +0 leather armour of the Candlemaker {rPois
                  | Regen+ rCorr Dex-5}
  8133 | D:6      | Found Uzxezet's General Store.
  8158 | D:6      | Learned a level 3 spell: Stone Arrow
  8167 | D:6      | Learned a level 8 spell: Lehudib's Crystal Spear
  8423 | D:7      | Reached *** piety under the Shining One
  8548 | D:6      | Reached skill level 1 in Earth Magic
  8800 | D:6      | Reached skill level 2 in Earth Magic
  8916 | D:7      | Reached skill level 5 in Fighting
  9287 | D:7      | Noticed Dowan
  9287 | D:7      | Noticed Duvessa
  9305 | D:7      | Noticed Prince Ribbit
  9352 | D:7      | Killed Duvessa
  9361 | D:7      | Killed Dowan
  9362 | D:7      | Reached skill level 3 in Earth Magic
  9613 | D:7      | Found Gosoip's Assorted Antiques.
  9626 | D:7      | Reached XP level 9. HP: 74/74 MP: 13/17
 10059 | D:7      | Reached skill level 5 in Shields
 10223 | D:8      | Reached skill level 1 in Long Blades
 10354 | D:8      | Identified the +5 pair of gloves of Defence {MP+9}
 10616 | D:8      | Reached skill level 4 in Earth Magic
 11256 | D:8      | Noticed an ice statue
 11473 | D:9      | Reached **** piety under the Shining One
 11670 | D:9      | Identified the +0 ring mail "Virhiss" {rF- Str+6 Int+7}
 11707 | D:9      | Reached skill level 5 in Earth Magic
 11736 | D:9      | Noticed Maurice
 11771 | D:9      | Killed Maurice
 12339 | D:9      | Noticed Psyche
 12340 | D:9      | Paralysed by Psyche for 2 turns
 12343 | D:9      | Killed Psyche
 12344 | D:9      | Reached XP level 10. HP: 86/86 MP: 19/20
 12832 | D:10     | Entered Level 10 of the Dungeon
 12875 | D:10     | Reached skill level 6 in Earth Magic
 13241 | D:10     | Reached skill level 7 in Earth Magic
 13275 | D:10     | Reached skill level 5 in Long Blades
 13311 | D:10     | Found a sacrificial altar of Ru.
 13527 | D:10     | Found a staircase to the Lair.
 14168 | D:10     | Reached XP level 11. HP: 64/92 MP: 1/23
 14337 | D:10     | Found a staircase to the Orcish Mines.
 14486 | Lair:1   | Entered Level 1 of the Lair of Beasts
 14490 | Lair:1   | Reached ***** piety under the Shining One
 14531 | D:10     | Reached skill level 8 in Earth Magic
 14972 | Lair:1   | Noticed an oklob plant
 15936 | Lair:1   | Reached skill level 9 in Earth Magic
 16140 | Lair:1   | Noticed a six-headed hydra
 16148 | Lair:1   | Killed a six-headed hydra
 16397 | Lair:1   | Reached skill level 10 in Conjurations
 16400 | Lair:1   | Reached skill level 1 in Staves
 17510 | Lair:2   | Reached XP level 12. HP: 100/100 MP: 24/25
 17632 | Lair:2   | Reached skill level 10 in Earth Magic
 18968 | Lair:2   | Noticed a death yak
 19054 | Lair:2   | Killed a death yak
 19055 | Lair:2   | Reached skill level 10 in Spellcasting
 19058 | Lair:2   | Reached skill level 11 in Earth Magic
 19333 | Lair:2   | Found a staircase to the Shoals.
 20007 | Lair:3   | Reached skill level 5 in Staves
 20636 | Lair:3   | Noticed an eight-headed hydra
 20647 | Lair:3   | Killed an eight-headed hydra
 21083 | Lair:3   | Found a staircase to the Snake Pit.
 21472 | Lair:4   | Noticed a six-headed hydra
 21479 | Lair:4   | Killed a six-headed hydra
 21482 | Lair:4   | Reached XP level 13. HP: 89/105 MP: 2/27
 21809 | Lair:4   | Found a staircase to the Slime Pits.
 21809 | Lair:4   | Found a viscous altar of Jiyva.
 22330 | Lair:4   | Reached skill level 12 in Earth Magic
 23082 | Lair:4   | Identified the +10 scale mail of Kiry {Regen+ Int+4}
 23414 | Lair:4   | Upgraded the game from 0.29-a0-972-g43c84944fd to
                  | 0.29-a0-977-g7483850d73
 23439 | Lair:5   | Entered Level 5 of the Lair of Beasts
 24941 | Lair:5   | Reached skill level 13 in Earth Magic
 25366 | Lair:5   | Found the +8 Vampire's Tooth {vamp}
 25965 | Lair:5   | Reached XP level 14. HP: 88/113 MP: 26/29
 28859 | D:11     | Reached ****** piety under the Shining One
 31330 | D:13     | Reached skill level 14 in Earth Magic
 31908 | D:13     | Noticed Nessos
 31915 | D:13     | Killed Nessos
 32058 | D:13     | Found a portal to a secret trove of treasure.
 32410 | Temple   | Entered the Ecumenical Temple
 32742 | Orc:1    | Entered Level 1 of the Orcish Mines
 33571 | Orc:1    | Found Oloxza Afierph's Antique Armour Shoppe.
 34580 | Orc:2    | Entered Level 2 of the Orcish Mines
 34648 | Orc:2    | Found Nocurph's Overcharged Wands.
 34944 | Orc:1    | Noticed Erolcha
 35898 | Orc:2    | Noticed Saint Roka
 35973 | Orc:1    | Killed Erolcha
 36511 | Orc:2    | HP: 1/113 [Saint Roka/+2 vampiric glaive (33)]
 38245 | Orc:2    | Killed Saint Roka
 38545 | Orc:2    | Found a transporter.
 38607 | Orc:2    | Noticed capka3m's ghost (adept MeEE)
 38708 | Orc:2    | Found a transporter.
 38970 | Orc:2    | Found a staircase to the Elven Halls.
 39330 | Orc:2    | Found Fychodd's Antique Armour Shop.
 39338 | Orc:2    | Bought a runed buckler for 195 gold pieces
 39653 | Orc:2    | Found Dilire's Antique Weapon Emporium.
 39656 | Orc:2    | Found Buirazoll's Antique Armour Shoppe.
 39705 | Orc:2    | Reached skill level 10 in Staves
 39914 | Orc:2    | Found Kunoiho's Magic Scroll Emporium.
 39944 | Orc:2    | Bought a scroll of identify for 28 gold pieces
 39944 | Orc:2    | Bought a scroll of identify for 28 gold pieces
 39944 | Orc:2    | Bought a scroll of identify for 28 gold pieces
 39944 | Orc:2    | Bought a scroll of identify for 28 gold pieces
 40499 | Snake:1  | Entered Level 1 of the Snake Pit
 40815 | Snake:1  | Reached XP level 15. HP: 118/118 MP: 28/31
 41070 | Snake:1  | Reached skill level 15 in Earth Magic
 41767 | Snake:1  | HP: 4/118 [naga sharpshooter/arrow (15)]
 41783 | Snake:1  | HP: 4/118 [poisoned by a black mamba]
 41785 | Snake:1  | HP: 1/118 [poisoned by a black mamba]
 41786 | Snake:1  | Succumbed to a black mamba's poison

Illustrated notes

Levels and vault maps discovered:
D:1:      dpeg_arrival_rooms_b, layout_rooms, serial_co_window_serial,
          co_window_paths_a, co_window_of_opportunity_a,
          co_window_of_opportunity_a, co_window_corner_a, co_window_corner_a,
          co_window_unsneaky_path_b, co_window_broadway_a, co_window_2corner,
          co_window_unsneaky_path_e, co_window_unsneaky_path_a,
          co_window_of_opportunity_c, co_window_of_opportunity_c, co_window_sun,
          glass_columns_a, glass_columns_b, glass_columns_a, glass_columns_a,
          dreamdust_ecumenical_altar_angels_and_demons, st_stairs_2
D:2:      layout_basic, kennysheep_generic_room_15
D:3:      layout_loops_ring, ashenzari_conservatory_becter, minitemple,
          uniq_robin
D:4:      layout_loops_ring, enter_ossuary_3
D:5:      layout_loops_ring
D:6:      layout_gridville, minmay_temple_entry_drinking_statues, serial_shops,
          nicolae_diamond_shop
D:7:      layout_cave_pools, serial_shops, shop, uniq_duvessa,
          uniq_prince_ribbit1
D:8:      statuecave_lemuel, layout_rooms
D:9:      layout_rooms, uniq_maurice, uniq_psyche
D:10:     layout_basic, mainiacjoe_overflow_24_doors, david_lair_shrubbed,
          erik_orc_1
D:11:     layout_rooms, minivault_20
D:12:     layout_layer_cave, worms_lemuel
D:13:     layout_roguey, trove_entry_hex_spiral, grunt_ministairs_15,
          uniq_nessos
Temple:   nicolae_temple_bog_church
Lair:1:   layout_small_grid, portal_ice_cave_rime
Lair:2:   layout_gridlike, minmay_shoals_entry_beasts, grunt_megastairs_1,
          lemuel_fruit_tree, lemuel_fruit_fields, lemuel_fruit_fields,
          infiniplex_staircase_pool
Lair:3:   layout_regular_city, guppyfry_snake_entry_garden
Lair:4:   layout_long_grid, slime_entry_1
Lair:5:   grunt_lair_end_beastmaster, layout_regular_city,
          nicolae_volcano_entry_lava_flow, minmay_lair_oklob_bushes,
          grunt_forest_small_clearings, serial_bayou_shore_b
Snake:1:  layout_onion, nicolae_snake_dead_anacondas
Orc:1:    layout_caves, serial_shops, shop, shop, uniq_erolcha
Orc:2:    grunt_orc_community_town_hall, layout_diamond_mine,
          grunt_orc_community_big_house_2, grunt_orc_community_big_house_1,
          grunt_orc_community_house_2, grunt_orc_community_house_3,
          grunt_orc_community_house_2, grunt_orc_community_house_3,
          gammafunk_ghost_berserking_beasts, nicolae_shop_overcharged_wands,
          uniq_saint_roka

Skill      XL: |  1  2  3  4  5  6  7  8  9 10 11 12 13 14 15 |
---------------+----------------------------------------------+-----
Dodging        | 2 3 |  3.2
Stealth        | 2 |  2.0
Fighting       | 1 2 4 5 7 |  7.0
Shields        | 1 2 3 4 5 |  5.0
Spellcasting   | 3 4 5 6 8 9 10 11 12 | 12.9
Conjurations   | 5 6 7 9 10 11 12 13 14 | 14.1
Earth Magic    | 3 5 7 9 11 13 14 15 | 15.1
Long Blades    | 3 5 7 |  7.0
Staves         | 2 5 8 10 | 10.5

Action                   |  1- 3 |  4- 6 |  7- 9 | 10-12 | 13-15 || total
-------------------------+-------+-------+-------+-------+-------++-------
Melee: Dagger            |    20 |    10 |       |       |       ||    30
       Tailslap          |     2 |     3 |     3 |    23 |    87 ||   118
       War axe           |       |       |     3 |       |       ||     3
       Falchion          |       |       |     5 |       |       ||     5
       Scimitar          |       |       |       |    32 |       ||    32
       Staff             |       |       |       |    47 |   292 ||   339
 Cast: Magic Dart        |    78 |   126 |    73 |     6 |     2 ||   285
       Searing Ray       |     2 |    10 |    75 |    60 |     5 ||   152
       Stone Arrow       |       |       |     5 |   228 |   742 ||   975
Invok: Divine Shield     |       |       |       |       |     1 ||     1
  Use: Scroll            |       |     3 |     7 |     8 |     7 ||    25
       Potion            |       |       |     2 |     7 |     9 ||    18
Armor: Skin              |    18 |    34 |   100 |   380 |   315 ||   847
Dodge: Dodged            |    20 |    35 |   116 |   252 |   219 ||   642
Block: Kite shield       |     5 |    40 |   105 |   296 |   280 ||   726

Table legend: (Time is in decaauts)
 A = Elapsed time spent in this place.
 B = Non-inter-level travel time spent in this place.
 C = Inter-level travel time spent in this place.
 D = Time resting spent in this place.
 E = Time spent auto-exploring this place.
 F = Levels seen in this place.
 G = Mean time per level.
                   A        B        C        D        E       F      G
               +--------+--------+--------+--------+--------+-----+--------+
         Total |  41843 |  41079 |    764 |  18977 |  11593 |  22 | 1902.0 |
       Dungeon |  20443 |  19916 |    527 |   7900 |   7776 |  13 | 1572.5 |
        Temple |    151 |    150 |      1 |      0 |     99 |   1 |  151.0 |
          Lair |  13425 |  13239 |    186 |   6064 |   2714 |   5 | 2685.0 |
     Snake Pit |   1281 |   1281 |      0 |    723 |    228 |   1 | 1281.0 |
  Orcish Mines |   6542 |   6494 |     48 |   4290 |    776 |   2 | 3271.0 |
               +--------+--------+--------+--------+--------+-----+--------+

Top non-repeatable levels by time:
  Lair:5: 4242 daAuts
  Lair:1: 3571 daAuts
   Orc:1: 3306 daAuts
    D:10: 3253 daAuts
   Orc:2: 3236 daAuts
  Lair:4: 2152 daAuts
     D:6: 1966 daAuts
     D:3: 1845 daAuts
  Lair:3: 1834 daAuts
    D:12: 1665 daAuts
  Lair:2: 1624 daAuts
     D:4: 1553 daAuts
     D:1: 1473 daAuts
     D:9: 1456 daAuts
    D:13: 1405 daAuts
